2047 views
Uploaded 2025-04-08 20:36:23
Game version 1.00 (6115)
24:15 long 2on2 ladder game on (4)LostTemple_S2
Saved by Iver
2047 views
Uploaded 2025-04-08 20:36:23
Game version 1.00 (6115)
24:15 long 2on2 ladder game on (4)LostTemple_S2


64 units @ 11.1k
/ 2.1k
39 buildings @ 6.2k
/ 2.7k


| Lesser Clarity Potion | 5 | 350 |
| Potion of Mana | 2 | 400 |
| Scroll of Speed | 3 | 150 |
| Orb of Lightning | 1 | 375 |
| Healing Salve | 1 | 100 |
| Scroll of Town Portal | 1 | 350 |
| total: | 13 | 1725g |
| Peon | 13 | 975 | / | 0 |
| Wind Rider | 3 | 795 | / | 120 |
| Raider | 5 | 900 | / | 200 |
| Kodo Beast | 1 | 255 | / | 60 |
| Tauren | 10 | 2800 | / | 800 |
| Troll Batrider | 1 | 160 | / | 40 |
| total: | 33 | 5885g | / | 1220w |
| Watch Tower | 4 | 440 | / | 320 |
| Altar of Storms | 2 | 360 | / | 100 |
| Orc Burrow | 10 | 1600 | / | 400 |
| War Mill | 1 | 205 | / | 0 |
| Voodoo Lounge | 2 | 260 | / | 60 |
| Beastiary | 2 | 290 | / | 280 |
| Tauren Totem | 2 | 270 | / | 310 |
| Stronghold | 1 | 315 | / | 190 |
| Fortress | 1 | 325 | / | 190 |
| total: | 23 | 3425g | / | 1470w |
| 0:01 | Peon |
| 0:01 | Peon |
| 0:04 | Altar of Storms |
| 0:17 | Orc Burrow |
| 0:23 | Peon |
| 0:28 | Peon |
| 0:32 | Peon |
| 0:36 | Peon |
| 0:47 | Peon |
| 0:55 | Peon |
| 1:01 | Peon |
| 1:47 | Stronghold |
| 1:58 | Orc Burrow |
| 2:04 | Orc Burrow |
| 2:06 | Feral Spirit |
| 4:10 | Beastiary |
| 4:10 | Beastiary |
| 4:30 | Peon |
| 4:32 | War Mill |
| 4:58 | Fortress |
| 5:24 | War Stomp |
| 5:25 | Wind Rider |
| 5:29 | Orc Burrow |
| 6:11 | Wind Rider |
| 6:43 | Orc Burrow |
| 6:54 | Reinforced Defenses |
| 7:27 | Envenomed Spears |
| 7:45 | Wind Rider |
| 8:11 | Raider |
| 8:11 | Raider |
| 8:32 | Peon |
| 8:41 | Kodo Beast |
| 8:44 | Orc Burrow |
| 8:47 | Chain Lighting |
| 9:00 | Orc Burrow |
| 9:15 | Raider |
| 9:18 | Tauren Totem |
| 9:30 | Tauren Totem |
| 9:40 | Endurance Aura |
| 9:48 | War Drums Damage Increase |
| 9:52 | Peon |
| 10:22 | Chain Lighting |
| 10:24 | Lesser Clarity Potion |
| 10:28 | Potion of Mana |
| 10:31 | Tauren |
| 10:46 | Tauren |
| 10:53 | Ensnare |
| 11:37 | Orc Burrow |
| 11:45 | Peon |
| 11:46 | War Stomp |
| 11:49 | Pulverize |
| 12:31 | Tauren |
| 12:40 | Voodoo Lounge |
| 12:44 | Voodoo Lounge |
| 12:51 | Orc Burrow |
| 13:02 | Steel Armor |
| 13:28 | Lesser Clarity Potion |
| 13:28 | Scroll of Speed |
| 13:34 | Lesser Clarity Potion |
| 14:18 | Tauren |
| 14:46 | Tauren |
| 15:03 | Steel Melee Weapons |
| 15:07 | Pillage |
| 15:12 | Tauren |
| 15:50 | Backpack |
| 15:51 | Orc Burrow |
| 16:24 | Feral Spirit |
| 17:14 | Thorium Armor |
| 17:48 | Lesser Clarity Potion |
| 17:49 | Potion of Mana |
| 17:49 | Scroll of Town Portal |
| 18:11 | Tauren |
| 18:11 | Tauren |
| 18:28 | Tauren |
| 18:44 | Troll Batrider |
| 19:18 | Raider |
| 19:20 | Endurance Aura |
| 19:29 | Altar of Storms |
| 19:39 | Orb of Lightning |
| 19:41 | Scroll of Speed |
| 19:53 | Raider |
| 20:00 | Tauren |
| 20:51 | Watch Tower |
| 20:53 | Watch Tower |
| 20:54 | Watch Tower |
| 21:17 | Watch Tower |
| 22:43 | Lesser Clarity Potion |
| 22:44 | Healing Salve |
| 22:46 | Scroll of Speed |
| Select group | 2461 |
| Right click | 1893 |
| Select | 899 |
| Assign group | 464 |
| Misc. action | 269 |
| Build/train/purchase | 188 |
| Use ability | 62 |
| Minimap ping | 10 |
| Item give/drop | 7 |
| Esc | 7 |
| Chat | 4 |
Monsieur
(2)
(23:59) : 

| Healing Salve | 5 | 500 |
| Lesser Clarity Potion | 5 | 350 |
| Scroll of Speed | 4 | 200 |
| Scroll of Town Portal | 1 | 350 |
| total: | 15 | 1400g |
| Peon | 11 | 825 | / | 0 |
| Wind Rider | 7 | 1855 | / | 280 |
| Raider | 12 | 2160 | / | 480 |
| Goblin Shredder | 1 | 375 | / | 100 |
| total: | 31 | 5215g | / | 860w |
| Watch Tower | 4 | 440 | / | 320 |
| Altar of Storms | 1 | 180 | / | 50 |
| Orc Burrow | 5 | 800 | / | 200 |
| Voodoo Lounge | 1 | 130 | / | 30 |
| War Mill | 1 | 205 | / | 0 |
| Great Hall | 2 | 770 | / | 370 |
| Beastiary | 2 | 290 | / | 280 |
| Stronghold | 1 | 315 | / | 190 |
| total: | 16 | 2815g | / | 1250w |
| 0:01 | Peon |
| 0:01 | Peon |
| 0:03 | Altar of Storms |
| 0:11 | Orc Burrow |
| 0:28 | Peon |
| 0:28 | Peon |
| 0:52 | Peon |
| 1:02 | Voodoo Lounge |
| 1:05 | Peon |
| 1:29 | Peon |
| 1:49 | Peon |
| 2:04 | Wind Walk |
| 2:05 | Stronghold |
| 2:09 | Healing Salve |
| 2:10 | Lesser Clarity Potion |
| 2:10 | Scroll of Speed |
| 2:20 | Orc Burrow |
| 2:37 | Orc Burrow |
| 3:13 | War Mill |
| 4:13 | Critical Strike |
| 4:30 | Beastiary |
| 4:31 | Beastiary |
| 5:09 | Orc Burrow |
| 5:27 | Hex |
| 5:34 | Healing Salve |
| 5:34 | Healing Salve |
| 5:34 | Lesser Clarity Potion |
| 5:34 | Scroll of Speed |
| 5:40 | Wind Rider |
| 5:57 | Wind Rider |
| 6:21 | Wind Rider |
| 6:46 | Wind Rider |
| 7:19 | Ensnare |
| 7:19 | Raider |
| 7:41 | Raider |
| 8:12 | Pillage |
| 8:20 | Raider |
| 8:31 | Wind Walk |
| 9:20 | Raider |
| 10:02 | Great Hall |
| 10:20 | Healing Wave |
| 10:25 | Raider |
| 10:26 | Reinforced Defenses |
| 11:03 | Raider |
| 11:28 | Goblin Shredder |
| 11:42 | Watch Tower |
| 12:21 | Raider |
| 12:37 | Peon |
| 12:38 | Peon |
| 12:39 | Watch Tower |
| 12:59 | Raider |
| 13:10 | Watch Tower |
| 13:11 | Peon |
| 13:36 | Raider |
| 14:13 | Healing Wave |
| 14:13 | Raider |
| 14:24 | Watch Tower |
| 14:55 | Raider |
| 16:04 | Wind Rider |
| 16:22 | Orc Burrow |
| 16:41 | Raider |
| 17:17 | Critical Strike |
| 17:25 | Hex |
| 18:00 | Steel Armor |
| 18:01 | Steel Melee Weapons |
| 18:11 | Wind Rider |
| 18:14 | Lesser Clarity Potion |
| 18:18 | Healing Salve |
| 18:18 | Healing Salve |
| 18:26 | Lesser Clarity Potion |
| 18:28 | Scroll of Speed |
| 19:33 | Scroll of Town Portal |
| 19:38 | Scroll of Speed |
| 20:13 | Wind Rider |
| 22:02 | Great Hall |
| 22:50 | Lesser Clarity Potion |
| Right click | 1625 |
| Select group | 1129 |
| Select | 624 |
| Use ability | 112 |
| Misc. action | 106 |
| Build/train/purchase | 105 |
| Assign group | 96 |
| Chat | 89 |
| Resource trade | 60 |
| Minimap ping | 5 |
| Item give/drop | 2 |
| Esc | 2 |
107 units @ 16.1k
/ 2.3k
48 buildings @ 6.4k
/ 2.3k



| Healing Salve | 5 | 500 |
| Lesser Clarity Potion | 15 | 1050 |
| Tiny Great Hall | 1 | 600 |
| Potion of Mana | 2 | 400 |
| Scroll of Speed | 4 | 200 |
| Scroll of Town Portal | 7 | 2450 |
| Potion of Lesser Invulnerability | 1 | 150 |
| total: | 35 | 5350g |
| Peon | 10 | 750 | / | 0 |
| Troll Headhunter | 8 | 1120 | / | 160 |
| Troll Batrider | 6 | 960 | / | 240 |
| Troll Berserker | 20 | 2800 | / | 400 |
| Kodo Beast | 4 | 1020 | / | 240 |
| Wind Rider | 4 | 1060 | / | 160 |
| total: | 52 | 7710g | / | 1200w |
| Altar of Storms | 2 | 360 | / | 100 |
| Orc Burrow | 6 | 960 | / | 240 |
| War Mill | 1 | 205 | / | 0 |
| Barracks | 1 | 180 | / | 50 |
| Voodoo Lounge | 1 | 130 | / | 30 |
| Great Hall | 1 | 385 | / | 185 |
| Beastiary | 1 | 145 | / | 140 |
| Stronghold | 1 | 315 | / | 190 |
| Fortress | 1 | 325 | / | 190 |
| total: | 13 | 2365g | / | 745w |
| 0:01 | Peon |
| 0:01 | Altar of Storms |
| 0:03 | Altar of Storms |
| 0:04 | Peon |
| 0:12 | Orc Burrow |
| 0:16 | Peon |
| 0:32 | Peon |
| 0:47 | War Mill |
| 1:03 | Barracks |
| 1:15 | Peon |
| 1:25 | Peon |
| 1:36 | Orc Burrow |
| 1:43 | Peon |
| 2:00 | Feral Spirit |
| 2:03 | Troll Headhunter |
| 2:09 | Voodoo Lounge |
| 2:23 | Troll Headhunter |
| 2:46 | Troll Headhunter |
| 3:11 | Stronghold |
| 3:19 | Healing Salve |
| 3:34 | Troll Headhunter |
| 3:55 | Troll Headhunter |
| 4:20 | Chain Lighting |
| 4:21 | Troll Headhunter |
| 4:29 | Orc Burrow |
| 4:51 | Troll Headhunter |
| 4:53 | Spiked Barricades |
| 5:53 | Beastiary |
| 5:54 | Fortress |
| 6:05 | Feral Spirit |
| 6:41 | Healing Salve |
| 6:42 | Lesser Clarity Potion |
| 6:46 | Scroll of Town Portal |
| 6:52 | Hex |
| 7:10 | Troll Batrider |
| 7:39 | Troll Batrider |
| 8:05 | Troll Headhunter |
| 8:11 | Lesser Clarity Potion |
| 8:20 | Berserker Upgrade |
| 8:29 | Reinforced Defenses |
| 8:31 | Healing Salve |
| 8:34 | Lesser Clarity Potion |
| 8:43 | Troll Batrider |
| 9:11 | Troll Berserker |
| 9:14 | Healing Wave |
| 9:14 | Chain Lighting |
| 9:18 | Orc Burrow |
| 9:35 | Troll Berserker |
| 9:58 | Scroll of Town Portal |
| 10:13 | Troll Berserker |
| 10:37 | Potion of Lesser Invulnerability |
| 10:43 | Healing Wave |
| 10:48 | Troll Berserker |
| 10:48 | Steel Ranged Weapons |
| 10:52 | Lesser Clarity Potion |
| 10:56 | Tiny Great Hall |
| 11:13 | Troll Batrider |
| 11:27 | Troll Berserker |
| 11:43 | Peon |
| 11:52 | Peon |
| 12:02 | Troll Batrider |
| 12:39 | Thorium Ranged Weapons |
| 13:25 | Kodo Beast |
| 13:36 | Lesser Clarity Potion |
| 13:38 | Scroll of Town Portal |
| 13:58 | Troll Berserker |
| 14:14 | Troll Berserker |
| 14:15 | Kodo Beast |
| 14:42 | Troll Berserker |
| 14:45 | Lesser Clarity Potion |
| 14:46 | Healing Salve |
| 14:49 | Lesser Clarity Potion |
| 14:51 | Scroll of Town Portal |
| 14:54 | War Stomp |
| 15:01 | War Drums Damage Increase |
| 15:12 | Potion of Mana |
| 15:14 | Scroll of Speed |
| 15:21 | Lesser Clarity Potion |
| 15:33 | Troll Berserker |
| 16:18 | Troll Berserker |
| 16:27 | Wind Rider |
| 16:27 | Troll Berserker |
| 16:37 | Lesser Clarity Potion |
| 16:37 | Potion of Mana |
| 16:42 | Wind Rider |
| 16:59 | Feral Spirit |
| 17:01 | Hex |
| 17:08 | Troll Berserker |
| 17:08 | Troll Regeneration |
| 17:18 | Endurance Aura |
| 17:23 | Troll Berserker |
| 17:23 | Wind Rider |
| 17:35 | Troll Berserker |
| 17:49 | Wind Rider |
| 18:01 | Steel Armor |
| 18:09 | Kodo Beast |
| 18:12 | Peon |
| 18:18 | Lesser Clarity Potion |
| 18:20 | Lesser Clarity Potion |
| 18:24 | Scroll of Town Portal |
| 18:24 | Scroll of Speed |
| 18:45 | Troll Berserker |
| 18:59 | Troll Batrider |
| 19:05 | Troll Berserker |
| 19:19 | Orc Burrow |
| 20:06 | Lesser Clarity Potion |
| 20:08 | Lesser Clarity Potion |
| 20:09 | Scroll of Town Portal |
| 20:09 | Scroll of Speed |
| 20:16 | Kodo Beast |
| 20:37 | War Stomp |
| 20:50 | Lesser Clarity Potion |
| 20:51 | Healing Salve |
| 20:53 | Scroll of Town Portal |
| 21:06 | Troll Berserker |
| 21:12 | Lesser Clarity Potion |
| 21:12 | Scroll of Speed |
| 21:24 | Great Hall |
| 22:15 | Troll Berserker |
| 22:22 | Healing Wave |
| 23:33 | Troll Berserker |
| 23:35 | Troll Berserker |
| 23:49 | Orc Burrow |
| 23:51 | Earth Quake |
| Select group | 3284 |
| Right click | 2422 |
| Select | 821 |
| Misc. action | 214 |
| Build/train/purchase | 183 |
| Use ability | 107 |
| Chat | 105 |
| Assign group | 96 |
| Resource trade | 44 |
| Item give/drop | 7 |
| Minimap ping | 4 |
| Esc | 2 |


| Scroll of Regeneration | 2 | 200 |
| Lesser Clarity Potion | 2 | 140 |
| Potion of Healing | 3 | 450 |
| Orb of Fire | 1 | 325 |
| Staff of Sanctuary | 1 | 250 |
| Potion of Mana | 1 | 200 |
| Scroll of Town Portal | 2 | 700 |
| total: | 12 | 2265g |
| Peasant | 24 | 1800 | / | 0 |
| Rifleman | 18 | 3690 | / | 540 |
| Knight | 10 | 2450 | / | 600 |
| Footman | 3 | 405 | / | 0 |
| total: | 55 | 8345g | / | 1140w |
| Scout Tower | 7 | 210 | / | 140 |
| Arcane Tower | 1 | 70 | / | 50 |
| Guard Tower | 8 | 560 | / | 400 |
| Farm | 15 | 1200 | / | 300 |
| Blacksmith | 2 | 280 | / | 120 |
| Barracks | 3 | 480 | / | 180 |
| Altar of Kings | 2 | 360 | / | 100 |
| Town Hall | 3 | 1155 | / | 615 |
| Lumber Mill | 1 | 120 | / | 0 |
| Arcane Vault | 2 | 260 | / | 60 |
| Keep | 1 | 320 | / | 210 |
| Castle | 3 | 1080 | / | 630 |
| total: | 35 | 4065g | / | 1515w |
| 0:02 | Peasant |
| 0:02 | Peasant |
| 0:02 | Peasant |
| 0:03 | Peasant |
| 0:35 | Farm |
| 0:38 | Peasant |
| 0:39 | Peasant |
| 0:49 | Blacksmith |
| 1:00 | Barracks |
| 1:05 | Altar of Kings |
| 1:18 | Farm |
| 1:24 | Peasant |
| 1:24 | Peasant |
| 1:56 | Farm |
| 2:00 | Peasant |
| 2:04 | Rifleman |
| 2:04 | Rifleman |
| 2:04 | Rifleman |
| 2:20 | Farm |
| 2:27 | Rifleman |
| 2:27 | Rifleman |
| 2:35 | Peasant |
| 2:57 | Rifleman |
| 3:02 | Peasant |
| 3:03 | Peasant |
| 3:03 | Peasant |
| 3:10 | Holy Light |
| 3:41 | Rifleman |
| 4:22 | Rifleman |
| 4:58 | Rifleman |
| 5:54 | Town Hall |
| 6:00 | Scout Tower |
| 6:17 | Lumber Mill |
| 6:30 | Arcane Tower |
| 6:41 | Scout Tower |
| 6:52 | Divine Shield |
| 7:44 | Guard Tower |
| 7:47 | Scout Tower |
| 7:51 | Rifleman |
| 7:53 | Scout Tower |
| 7:55 | Scout Tower |
| 8:07 | Scout Tower |
| 8:10 | Peasant |
| 8:10 | Peasant |
| 8:17 | Improved Masonry |
| 8:19 | Guard Tower |
| 8:22 | Guard Tower |
| 8:22 | Rifleman |
| 8:24 | Guard Tower |
| 8:34 | Guard Tower |
| 8:45 | Rifleman |
| 8:54 | Peasant |
| 8:54 | Peasant |
| 9:14 | Keep |
| 9:18 | Rifleman |
| 9:18 | Rifleman |
| 9:33 | Farm |
| 9:44 | Black Gunpowder |
| 9:48 | Rifleman |
| 9:52 | Holy Light |
| 10:02 | Peasant |
| 10:26 | Rifleman |
| 11:13 | Rifleman |
| 11:19 | Arcane Vault |
| 11:35 | Castle |
| 11:40 | Scout Tower |
| 11:47 | Barracks |
| 11:50 | Scroll of Regeneration |
| 11:50 | Lesser Clarity Potion |
| 11:50 | Scroll of Town Portal |
| 11:55 | Iron Forged Swords |
| 12:35 | Town Hall |
| 12:50 | Long Rifles |
| 12:57 | Improved Lumber Harvesting |
| 13:07 | Steel Forged Swords |
| 13:36 | Rifleman |
| 14:12 | Knight |
| 14:12 | Knight |
| 14:14 | Siphon Mana |
| 14:54 | Knight |
| 15:05 | Scroll of Regeneration |
| 15:06 | Lesser Clarity Potion |
| 16:00 | Footman |
| 16:06 | Devotion Aura |
| 16:13 | Blacksmith |
| 16:21 | Potion of Healing |
| 16:21 | Orb of Fire |
| 16:21 | Staff of Sanctuary |
| 16:38 | Footman |
| 16:38 | Footman |
| 16:41 | Peasant |
| 16:41 | Peasant |
| 16:41 | Peasant |
| 16:45 | Potion of Healing |
| 16:45 | Potion of Mana |
| 17:20 | Knight |
| 17:54 | Barracks |
| 17:55 | Farm |
| 17:58 | Peasant |
| 17:58 | Peasant |
| 17:58 | Peasant |
| 18:12 | Arcane Vault |
| 18:14 | Advanced Lumber Harvesting |
| 18:18 | Farm |
| 18:20 | Knight |
| 18:56 | Knight |
| 19:03 | Knight |
| 19:07 | Farm |
| 19:11 | Altar of Kings |
| 19:19 | Scroll of Town Portal |
| 19:35 | Farm |
| 19:56 | Farm |
| 20:31 | Animal War Training |
| 20:31 | Knight |
| 21:19 | Knight |
| 21:35 | Potion of Healing |
| 22:20 | Holy Light |
| 22:33 | Knight |
| 22:36 | Farm |
| 22:36 | Farm |
| 22:37 | Farm |
| 22:39 | Farm |
| 22:40 | Farm |
| 22:45 | Town Hall |
| 22:52 | Banish |
| 22:59 | Mithril Forged Swords |
| 23:03 | Iron Plating |
| Right click | 874 |
| Select | 436 |
| Misc. action | 330 |
| Select group | 313 |
| Build/train/purchase | 130 |
| Assign group | 90 |
| Use ability | 72 |
| Resource trade | 13 |
| Minimap ping | 2 |
| Item give/drop | 1 |
| Remove unit | 1 |
| Esc | 1 |
⇛